 Dungeon Crawl Stone Soup version 0.22-a0-448-g1fb7470 (webtiles) character file.

29 mhoghedin the Ducker (level 3, 19/19 HPs)
             Began as a Spriggan Abyssal Knight on June 4, 2018.
             Was a Follower of Lugonu.
             Quit the game on level 1 of the Dungeon.
             The game lasted 00:02:58 (1011 turns).

mhoghedin the Ducker (Spriggan Abyssal Knight)      Turns: 1011, Time: 00:02:58

Health: 19/19      AC:  2    Str:  8    XL:     3   Next: 1%
Magic:  5/5        EV: 19    Int: 14    God:    Lugonu [*.....]
Gold:   35         SH:  0    Dex: 15    Spells: 2/2 levels left

rFire    . . .     SeeInvis +   a - +1 short sword
rCold    . . .     Gourm    .   (shield restricted)
rNeg     . . .     Faith    .   b - +0 robe
rPois    .         Spirit   .   (helmet restricted)
rElec    .         Reflect  .   (no cloak)
rCorr    .         Harm     .   (gloves unavailable)
MR       .....                  (boots unavailable)
Stlth    +.........             (no amulet)
HPRegen  0.06/turn              e - ring of loudness (curse) {Stlth-}
MPRegen  0.09/turn              (no ring)

@: very quick
A: very small, unfitting armour, see invisible, herbivore, speed 3, slow
metabolism 2
a: Depart the Abyss, Renounce Religion


You were on level 1 of the Dungeon.
You worshipped Lugonu.
Lugonu was aware of your devotion.
You were not hungry.

You visited 1 branch of the dungeon, and saw 1 of its levels.
You visited the Abyss 1 time.

You collected 35 gold pieces.

Inventory:

Hand Weapons
 a - a +1 short sword (weapon)
Armour
 b - a +0 robe (worn)
Jewellery
 e - a cursed ring of loudness (left hand) {Stlth-}
   (You found it on level 1 of the Dungeon)
Scrolls
 g - 2 scrolls of remove curse {unknown}
Potions
 d - 2 potions of ambrosia {unknown}
 f - 2 potions of curing {unknown}
Comestibles
 c - 3 rations


   Skills:
 - Level 2.4 Fighting
 + Level 2.3 Short Blades
 - Level 4.4 Dodging
 + Level 2.7 Stealth
 - Level 1.9 Invocations


You had 2 spell levels left.
You didn't know any spells.
Your spell library was empty.

Dungeon Overview and Level Annotations

Branches:
Dungeon (1/15)

Altars:


Innate Abilities, Weirdness & Mutations

You are very small and have problems with some larger weapons.
You are too small for most types of armour.
You have supernaturally acute eyesight. (SInv)
You are a herbivore.
You cover ground extremely quickly.
You need to consume almost no food.


Message History

The bat hits you.
You take 1 damage, and have 13/16 hp.
You closely miss the bat. The bat closely misses you. x2
The goblin completely misses you.
You closely miss the goblin. The bat misses you. The goblin barely misses you.
You hit the goblin.
You kill the goblin!
Lugonu accepts your kill. The bat hits you but does no damage.
The bat misses you. x2
You hit the bat. The bat completely misses you. The bat barely misses you.
The bat hits you but does no damage.
You barely miss the bat. The bat closely misses you. The bat barely misses you.
The bat misses you.
You hit the bat.
You kill the bat!
Lugonu accepts your kill.
No target in view!
No target in view!
No target in view!
No target in view!
No target in view!
No target in view!
No target in view!
No target in view!
No target in view!
You see here a bat corpse.
A dart slug comes into view.
A dart slug is nearby!
You hit the dart slug but do no damage. You hit the dart slug.
The dart slug completely misses you.
You hit the dart slug. The dart slug barely misses you.
You hit the dart slug. You hit the dart slug.
You kill the dart slug!
Lugonu accepts your kill.
No target in view!
No target in view!
No target in view!
No target in view!
No target in view!
No target in view!
No target in view!
g - 2 scrolls labeled TIRHOI YDDOOSUODI (gained 1)
A hobgoblin comes into view.
Found a stone staircase leading down.
A hobgoblin is nearby!
The hobgoblin shouts!
You closely miss the hobgoblin. The hobgoblin hits you.
You take 1 damage, and have 14/16 hp.
You hit the hobgoblin. The hobgoblin closely misses you.
You hit the hobgoblin but do no damage. The hobgoblin completely misses you.
You closely miss the hobgoblin. The hobgoblin hits you.
You take 4 damage, and have 10/16 hp.
MASSIVE DAMAGE!!
You hit the hobgoblin but do no damage. The hobgoblin hits you.
You take 1 damage, and have 9/16 hp.
You closely miss the hobgoblin. The hobgoblin completely misses you.
You hit the hobgoblin. The hobgoblin misses you.
You hit the hobgoblin.
You kill the hobgoblin!
Lugonu accepts your kill.
You see here a hobgoblin corpse.
You start resting.
Health restored: 16
There is a stone staircase leading down here.
You see here a hobgoblin corpse. 2 goblins come into view.
The goblin shouts!
There are monsters nearby!
You miss the goblin. The goblin misses you.
You hit the goblin.
You kill the goblin!
Lugonu accepts your kill.
You miss the goblin. The goblin misses you.
You hit the goblin.
You kill the goblin!
Lugonu accepts your kill.
No target in view!
No target in view!
No target in view!
No target in view!
Things that are here:
a club; a goblin corpse x2
Things that are here:
a club; a goblin corpse x2
A goblin comes into view.
The goblin shouts!
A goblin is nearby!
A giant cockroach comes into view.
You hit the goblin.
You kill the goblin!
Lugonu accepts your kill.
You have reached level 3!
Your experience leads to an increase in your attributes!
Increase (S)trength, (I)ntelligence, or (D)exterity?
You feel clever.
Health restored: 19; MP restored: 5 Welcome back, mhoghedin the Spriggan Abyssal Knight.
Lugonu says: Spread carnage and corruption!

.....# ..... ##
###...... #... ...
......... ... ..
..#).....
..###.####
###........
.)).......
......$..
#..##..### #....s.
##..##.#######.#.†#
##.# ...##....#@.#
#.####.##.#.....#
##...#.....#.....#
##................#
#...........###...#
#..†........###...#
..................+
##................#
###...............#


You could see a giant cockroach.

Vanquished Creatures
  2 dart slugs (D:1)
  5 bats (D:1)
  4 hobgoblins (D:1)
  A frilled lizard (D:1)
  8 goblins (D:1)
  2 kobolds (D:1)
  A rat (D:1)
23 creatures vanquished.

Notes
Turn   | Place    | Note
-------+----------+-------------------------------------------
     0 | Abyss:1  | mhoghedin the Spriggan Abyssal Knight began the quest for the Orb.
     0 | Abyss:1  | Reached XP level 1. HP: 11/11 MP: 3/3
   122 | Abyss:1  | Noticed a large abomination
   123 | D:1      | Escaped the Abyss
   358 | D:1      | Reached skill level 1 in Stealth
   364 | D:1      | Reached XP level 2. HP: 16/16 MP: 4/4
   388 | D:1      | Reached skill level 4 in Dodging
   550 | D:1      | Reached * piety under Lugonu
   588 | D:1      | Reached skill level 2 in Stealth
  1010 | D:1      | Reached XP level 3. HP: 19/19 MP: 5/5
  1011 | D:1      | Quit the game

Vault maps used:
D:1:      scummos_arrival_forest, minmay_door_square, minmay_cut_off
Abyss:1:  hangedman_abyss_or_decor_stagger, abyss_greek_temple

Skill      XL: |  1  2 |
---------------+-------+-----
Stealth        | 1 2 |  2.7
Dodging        | 4 |  4.4
Fighting       | |  2.4
Short Blades   | |  2.3
Invocations    | |  1.9

Action                   || total
-------------------------++-------
Melee: Short sword       ||    80
Invok: Depart the Abyss  ||     1
Armor: Robe              ||     7
Dodge: Dodged            ||    64

Table legend:
 A = Spawn XP
 B = Non-spawn XP
 C = Spawn XP percentage of total XP
 D = Spawn monster count
 E = Non-spawn monster count
 F = Spawn count percentage of total count
 G = Total turns spent on level
                    A         B        C        D         E        F      G
               +---------+---------+-------+---------+---------+-------+---------
         Total |       0 |      42 |   0.0 |       0 |      23 |   0.0 |  1011
               +---------+---------+-------+---------+---------+-------+---------
           D:1 |       0 |      42 |   0.0 |       0 |      23 |   0.0 |   888
               +---------+---------+-------+---------+---------+-------+---------

Vault maps used:
D:1:      scummos_arrival_forest, minmay_door_square, minmay_cut_off
Abyss:1:  hangedman_abyss_or_decor_stagger, abyss_greek_temple

Table legend:
 A = Turns spent in this place as a percentage of turns spent in the entire game.
 B = Non-inter-level travel turns spent in this place as a percentage of non-inter-level travel turns spent in the entire game.
 C = Inter-level travel turns spent in this place as a percentage of turns spent in this place.
 D = Turns resting spent in this place as a percentage of non-inter-level travel turns spent in this place.
 E = Turns spent auto-exploring this place as a percentage of non-inter-level travel turns spent in this place.
 F = Non-inter-level travel turns spent in this place divided by the number of levels of this place that you've seen.
                   A       B       C       D       E      F
               +-------+-------+-------+-------+-------+----------------------
         Total | 100.0 | 100.0 |   0.0 |  54.3 |  30.4 | 505.5
       Dungeon |  87.8 |  87.8 |   0.0 |  61.8 |  20.8 | 888.0
         Abyss |  12.2 |  12.2 |   0.0 |   0.0 |  99.2 | 123.0
               +-------+-------+-------+-------+-------+----------------------

Table legend:
 A = Kills in this place as a percentage of kills in entire the game.
 B = Kills by you in this place as a percentage of kills by you in the entire game.
 C = Kills by friends in this place as a percentage of kills by friends in the entire game.
 D = Other kills in this place as a percentage of other kills in the entire game.
 E = Experience gained in this place as a percentage of experience gained in the entire game.
 F = Experience gained in this place divided by the number of levels of this place that you have seen.
                   A       B       C       D       E      F
               +-------+-------+-------+-------+-------+----------------------
         Total | 100.0 | 100.0 |   N/A |   N/A | 100.0 |  21.0
       Dungeon | 100.0 | 100.0 |   N/A |   N/A | 100.0 |  42.0
               +-------+-------+-------+-------+-------+----------------------
